 Dungeon Crawl Stone Soup version 0.24.0-1-gfbc8707122 (webtiles) character file.

Game seed: 12414722635366455439, levelgen mode: deterministic

2554 MTVSty1e the Cleaver (level 9, 0/71 HPs)
             Began as a Minotaur Fighter on Oct 28, 2019.
             Was a Follower of Okawaru.
             Slain by a killer bee (7 damage)
             ... on level 7 of the Dungeon.
             The game lasted 00:07:55 (6433 turns).

MTVSty1e the Cleaver (Minotaur Fighter)             Turns: 6433, Time: 00:07:55

Health: 0/71       AC: 14    Str: 22 (24) XL:     9   Next: 31%
Magic:  6/8        EV: 13    Int:  4 (5)  God:    Okawaru [*.....]
Gold:   351        SH: 14    Dex: 14 (15) Spells: 8/8 levels left

rFire    . . .     SeeInvis .   a - +0 war axe
rCold    + . .     Gourm    .   c - +0 shield
rNeg     . . .     Faith    .   r - +0 plate armour
rPois    .         Spirit   .   (helmet restricted)
rElec    .         Reflect  +   e - scarf {repulsion}
rCorr    .         Harm     .   (no gloves)
MR       .....                  (no boots)
Stlth    +.........             l - +2 amulet of reflection
HPRegen  0.21/turn              k - ring of protection from cold
MPRegen  0.11/turn              g - ring of stealth

@: agile, lethally poisoned (0 -> -15), heroism, repel missiles
A: retaliatory headbutt, horns 2
a: Heroism, Renounce Religion


You were on level 7 of the Dungeon.
You worshipped Okawaru.
Okawaru was aware of your devotion.
You were not hungry.

You visited 2 branches of the dungeon, and saw 8 of its levels.

You collected 351 gold pieces.

Inventory:

Hand Weapons
 a - a +0 war axe (weapon)
Armour
 c - a +0 shield (worn)
 e - a scarf of repulsion (worn)
 q - a +0 cloak of magic resistance
 r - a +0 plate armour (worn)
Jewellery
 g - a ring of stealth (right hand)
 k - a ring of protection from cold (left hand)
 l - a +2 amulet of reflection (around neck)
 t - a +3 ring of intelligence
Wands
 u - a wand of iceblast (12)
 w - a wand of clouds (6)
 y - a wand of disintegration (10)
Scrolls
 h - 3 scrolls of identify
 i - 3 scrolls of teleportation
 m - 2 scrolls of fog
 v - 2 scrolls of remove curse
Potions
 b - 3 potions of brilliance
 d - a potion of degeneration
 j - a potion of berserk rage
 n - a potion of invisibility
 o - a potion of heal wounds
 s - a potion of resistance
 x - a potion of cancellation
 z - a potion of curing {unknown}
 B - a potion of magic
Comestibles
 f - 12 rations


   Skills:
 + Level 3.7(8.7) Fighting
 * Level 14.3(19.3) Axes
 + Level 3.8(8.8) Armour
 + Level 3.7(8.7) Shields
 + Level 0.4 Invocations


You had 8 spell levels left.
You didn't know any spells.
Your spell library contained the following spells:

 Spells                   Type           Power        Failure   Level  Hunger
 Animate Skeleton         Necr           N/A          100%        1    ##.....
 Apportation              Tloc           #.....       100%        1    ##.....
 Confusing Touch          Hex            #.....       100%        1    ##.....
 Summon Small Mammal      Summ           #...         100%        1    ##.....


Dungeon Overview and Level Annotations

Branches:
Dungeon (7/15)             Temple (1/1) D:6

Altars:
Dithmenos
Elyvilon
Fedhas
Gozag
Hepliaklqana
Kikubaaqudgha
Makhleb
Nemelex Xobeh
Okawaru
Qazlal
Sif Muna
Uskayaw
Vehumet
Wu Jian
Xom
Yredelemnul
Zin
The Shining One


Innate Abilities, Weirdness & Mutations

You reflexively headbutt those who attack you in melee.
You have a pair of horns on your head.


Message History

Your plate armour prevents you from hitting the killer bee.
Your headbutt misses the killer bee.
You feel sick. The killer bee closely misses you.
You block the killer bee's attack.
You hit the killer bee. Your headbutt misses the killer bee.
The killer bee is moderately wounded.
You feel sick. The killer bee stings you.
* * * LOW HITPOINT WARNING * * *
You closely miss the killer bee.
The killer bee is moderately wounded.
You feel sick. The killer bee stings you.
* * * LOW HITPOINT WARNING * * *
You are more poisoned.
The killer bee poisons you!
The killer bee stings you but does no damage.
It was a potion of degeneration.
There was something very wrong with that liquid.
You feel weakened.
You feel dopey.
You feel clumsy.
* * * LOW HITPOINT WARNING * * *
You feel sick. The killer bee stings you!
You die...

.. #...## ### .#
##..... ..## .#
####### #...... ...>
#.# ##.....# #......
.... #..
#.....#####......
....
#.###................
....
#........####.......
.... ##.......##
##...[... ....
##...@....# #........
...# #...y######
#........ ####
#..#...# ##........
#.. ##).# #.........
#.. .... ##........
.# ..... ##.......
....... ##......
.......# ##.....
........# ##...#


You could see a killer bee.

Vanquished Creatures
  A hungry ghost (D:7)
  2 orc warriors (D:6)
  2 ice beasts (D:7)
  3 ogres
  A black bear (D:6)
  2 centaurs
  4 bullfrogs
  A water moccasin zombie (D:6)
  A scorpion (D:7)
  3 killer bees (D:7)
  A howler monkey (D:5)
  4 crimson imps
  2 bullfrog zombies
  Crazy Yiuf (D:2)
  2 orc priests
  2 hounds (D:5)
  A centaur skeleton (D:6)
  5 orc wizards
  Jessica (D:3)
  An iguana (D:5)
  5 worker ants
  A hound zombie (D:7)
  Robin (D:3)
  7 gnolls
  8 adders
  A howler monkey skeleton (D:6)
  An ooze (D:4)
  3 dart slugs
  3 worms
  4 leopard geckos
  19 orcs
  3 ball pythons
  6 giant cockroaches
  21 goblins
  9 hobgoblins
  3 quokkas (D:2)
  12 bats
  8 frilled lizards
  5 kobolds
  8 rats
  A rat zombie (D:4)
169 creatures vanquished.

Vanquished Creatures (others)
  A goblin (D:2)
  A kobold (D:3)
2 creatures vanquished.

Grand Total: 171 creatures vanquished

Notes
Turn   | Place    | Note
-------+----------+-------------------------------------------
     0 | D:1      | MTVSty1e the Minotaur Fighter began the quest for the Orb.
     0 | D:1      | Reached XP level 1. HP: 19/19 MP: 0/0
    58 | D:1      | Reached skill level 3 in Axes
   213 | D:1      | Reached XP level 2. HP: 26/26 MP: 1/1
   825 | D:1      | Reached skill level 4 in Axes
   842 | D:2      | Reached XP level 3. HP: 24/31 MP: 2/2
  1013 | D:2      | Reached skill level 5 in Axes
  1081 | D:2      | Reached XP level 4. HP: 24/39 MP: 3/3
  1316 | D:2      | Found a hazy altar of Hepliaklqana.
  1378 | D:2      | Noticed a sky beast
  1460 | D:2      | Found a hide-covered altar of Uskayaw.
  1520 | D:2      | Found a runed translucent door.
  1521 | D:2      | Noticed Crazy Yiuf
  1690 | D:2      | Killed Crazy Yiuf
  1690 | D:2      | Reached skill level 6 in Axes
  1929 | D:3      | Reached XP level 5. HP: 45/45 MP: 4/4
  2242 | D:3      | Noticed Robin
  2257 | D:3      | Killed Robin
  2261 | D:3      | Reached skill level 7 in Axes
  2570 | D:3      | Noticed Jessica
  2573 | D:3      | Killed Jessica
  2768 | D:4      | Noticed an ogre
  2771 | D:4      | Reached XP level 6. HP: 21/51 MP: 5/5
  3031 | D:4      | Reached skill level 8 in Axes
  3204 | D:4      | Reached skill level 9 in Axes
  3393 | D:4      | You fall into a shaft and drop 1 floor!
  3393 | D:5      | Entered Level 5 of the Dungeon
  3401 | D:5      | Reached XP level 7. HP: 50/57 MP: 6/6
  3478 | D:5      | Found a shadowy altar of Dithmenos.
  3532 | D:5      | Reached skill level 10 in Axes
  3794 | D:4      | Found an ancient bone altar of Kikubaaqudgha.
  4023 | D:5      | Found a shimmering blue altar of Sif Muna.
  4141 | D:5      | Found a sparkling altar of Nemelex Xobeh.
  4576 | D:6      | Reached skill level 11 in Axes
  4576 | D:6      | Reached XP level 8. HP: 64/64 MP: 7/7
  4691 | D:6      | Reached skill level 12 in Axes
  5288 | D:6      | Found a staircase to the Ecumenical Temple.
  5299 | Temple   | Entered the Ecumenical Temple
  5428 | Temple   | Became a worshipper of Warmaster Okawaru
  5589 | D:6      | Reached skill level 13 in Axes
  5997 | D:7      | Reached XP level 9. HP: 56/70 MP: 8/8
  6068 | D:7      | Reached * piety under Okawaru
  6250 | D:7      | Reached skill level 14 in Axes
  6433 | D:7      | Slain by a killer bee

Levels and vault maps discovered:
D:1:      psy_arrival_fountain, layout_basic
D:2:      minmay_inner_zag, layout_basic, lemuel_doored_altar,
          nicolae_overflow_hidden_temple, lightli_corner_chamber,
          uniq_crazy_yiuf_cottage
D:3:      layout_rooms, uniq_robin, uniq_jessica
D:4:      layout_cave_pools, lemuel_zombie_altar_kikubaaqudgha
D:5:      layout_cave_pods, nicolae_dithmenos_shadow_blocks, led_sif_book,
          marbit_many_paths, first_ration
D:6:      layout_basic, minmay_temple_entry_mini_moons, moated_statue,
          st_stairs_1
D:7:      layout_cave_pods, uniq_joseph
Temple:   hc_temple_tempest_star

Skill      XL: |  1  2  3  4  5  6  7  8  9 |
---------------+----------------------------+-----
Axes           | 3 4 5 6 7 9 11 13 14 | 14.3
Fighting       | |  3.7
Armour         | |  3.8
Shields        | |  3.7
Invocations    | |  0.4

Action                   |  1- 3 |  4- 6 |  7- 9 || total
-------------------------+-------+-------+-------++-------
Melee: War axe           |    83 |   152 |   267 ||   502
       Headbutt          |    12 |    28 |    43 ||    83
Invok: Heroism           |       |       |     1 ||     1
  Use: Potion            |       |     1 |     7 ||     8
       Scroll            |       |       |    14 ||    14
  Eat: Chunk             |       |     2 |     5 ||     7
       Ration            |       |     2 |     3 ||     5
Armor: Scale mail        |    41 |    44 |       ||    85
       Plate armour      |       |    29 |   106 ||   135
Dodge: Dodged            |    33 |    32 |    33 ||    98
       Deflected         |       |       |     1 ||     1
Block: Shield            |    36 |   105 |   131 ||   272
       Reflection        |       |     5 |     5 ||    10
